 Dungeon Sprint DCSS version 0.17-a0-1663-gb806841 (webtiles) character file.

14165 Kidiri the Brawler (level 11, -5/119 HPs)
             Began as a Troll Monk on Aug 16, 2015.
             Was the Champion of Qazlal.
             Slain by an anaconda (8 damage)
             ... while paralysed by an orc sorcerer
             ... in the Dungeon (Sprint VII: "The Pits").
             The game lasted 00:15:34 (1855 turns).

Kidiri the Brawler (Troll Monk)                     Turns: 1855, Time: 00:15:34

Health: -5/119     AC: 13    Str: 22    XL:     11   Next: 85%
Magic:  18/18      EV: -2    Int:  6    God:    Qazlal [******]
Gold:   0          SH:  0    Dex: 14    Spells: 0 memorised, 10 levels left

rFire  . . .     SeeInvis +       - Unarmed
rCold  . . .     Clarity  .     a - +2 robe
rNeg   . . .     SustAt   .     (no shield)
rPois  .         Gourm    +     (helmet restricted)
rElec  .         Spirit   .     (no cloak)
rCorr  .         Warding  .     (gloves unavailable)
rMut   .         NoTele   +     (boots unavailable)
MR     .....                    (no amulet)
Stlth  +.........               q - +3 ring of protection
                                z - ring of see invisible

@: paralysed, protected from physical damage, constricted, repel missiles,
drained, not resistant to hostile enchantments, very unstealthy
A: unfitting armour, claws 3, fast metabolism 3, gourmand, regeneration 2,
shaggy fur 1, tough skin 2
a: Upheaval, Elemental Force, Disaster Area, Renounce Religion


You were in the Dungeon.
You worshipped Qazlal.
Qazlal was exalted by your worship.
You were very full.

You visited 1 branch

Inventory:

Hand weapons
 C - a +0 hunting sling
Missiles
 o - 10 stones (quivered)
 s - 34 sling bullets
Armour
 a - a +2 robe (worn)
Jewellery
 p - a +3 ring of evasion
 q - a +3 ring of protection (right claw)
 z - a ring of see invisible (left claw)
Magical devices
 y - a wand of confusion (17)
Scrolls
 h - 3 scrolls of blinking
 l - 3 scrolls of remove curse
 m - 6 scrolls of amnesia
 n - a scroll of summoning
 t - 4 scrolls of identify
 u - a scroll of fog
 v - 3 scrolls of enchant armour
 w - a scroll of fear
 x - a scroll of recharging
Potions
 c - 7 potions of curing
 d - 16 potions of heal wounds
 e - 2 potions of haste
 f - 4 potions of magic
 g - 2 potions of berserk rage
 k - 2 potions of invisibility
 r - 3 potions of might
 A - 3 potions of brilliance
 B - a potion of cancellation
Comestibles
 b - 5 bread rations
 i - 40 fruits
 j - 7 meat rations
 D - 17 chunks of flesh


   Skills:
 + Level 10.7(10.0) Fighting
 + Level 3.2(2.6) Throwing
 * Level 14.5(13.8) Dodging
 - Level 1.3(0.8) Stealth
 * Level 17.0(16.2) Unarmed Combat
 + Level 11.2(10.6) Invocations


You had 10 spell levels left.
You didn't know any spells.

Dungeon Overview and Level Annotations

Branches:
Dungeon (1/1)

Altars:
Ashenzari
Cheibriados
Dithmenos
Elyvilon
Fedhas
Gozag
Kikubaaqudgha
Makhleb
Nemelex Xobeh
Okawaru
Qazlal
Ru
Sif Muna
Trog
Vehumet
Xom
Yredelemnul
Zin
The Shining One
Beogh
Jiyva
Lugonu

Annotations:
D Eustachio


Innate Abilities, Weirdness & Mutations

You are too large for most types of armour.
You have claws for hands.
Your metabolism is lightning-fast.
You like to eat raw meat.
You heal very quickly.
You are covered in fur (AC +1).
You have very tough skin (AC +2).


Message History

You suddenly lose the ability to move!
The anaconda bites you! The anaconda constricts you.
The anaconda bites you but does no damage.
The anaconda constricts you.
The orc sorcerer gestures at you while chanting.
The bolt of negative energy hits you!
You feel drained. The anaconda bites you!
You feel protected from physical attacks.
The anaconda constricts you.
The anaconda bites you but does no damage.
The anaconda constricts you.
The orc sorcerer points at you and mumbles some strange words.
Helpless, you fail to dodge the bolt of fire.
* * * LOW HITPOINT WARNING * * *
The anaconda bites you!
* * * LOW HITPOINT WARNING * * *
You feel more protected from physical attacks.
* * * LOW HITPOINT WARNING * * *
The anaconda constricts you. The anaconda bites you!
You die...

#######################+
................§So.....
..........).....@ooo....
######++##############..


You could see an anaconda, an orc sorcerer, 2 orc warriors and an orc.

Vanquished Creatures
  A death cob (D)
  Maud (D)
  Erica (D)
  A spriggan druid (D)
  A wizard (D)
  2 hill giants (D)
  An unseen horror (D)
  2 orc knights (D)
  A griffon (D)
  A manticore (D)
  Joseph (D)
  An orange demon (D)
  A black mamba (D)
  A gargoyle (D)
  A spiny frog (D)
  A molten gargoyle (D)
  A demonic crawler (D)
  A blue devil (D)
  3 merfolk (D)
  An efreet (D)
  A wandering mushroom (D)
  A polar bear (D)
  A red devil (D)
  A giant leech (D)
  A snapping turtle (D)
  2 bog bodies (D)
  A ynoxinul (D)
  2 hungry ghosts (D)
  A basilisk (D)
  A warg (D)
  Menkaure (D)
  2 wolves (D)
  A soldier ant (D)
  2 swamp drakes (D)
  3 orc warriors (D)
  A necrophage (D)
  An eye of draining (D)
  A crimson imp (D)
  A quasit (D)
  A gnoll shaman (D)
  2 orc wizards (D)
  2 orc priests (D)
  A worker ant (D)
  An iguana (D)
  6 gnolls (D)
  A river rat (D)
  3 giant eyeballs (D)
  2 oozes (D)
  An adder skeleton (D)
  2 giant geckos (D)
  6 orcs (D)
  A goblin (D)
  A hobgoblin (D)
  2 quokkas (D)
  A ball python (D)
  A giant cockroach zombie (D)
  2 kobolds (D)
  A rat (D)
86 creatures vanquished.

Vanquished Creatures (others)
  A water moccasin (D)
  A quasit (D)
  An orc (D)
  A ball python (D)
4 creatures vanquished.

Grand Total: 90 creatures vanquished

Notes
Turn   | Place    | Note
--------------------------------------------------------------
     0 | D        | Kidiri the Troll Monk began the quest for the Orb.
     0 | D        | Reached XP level 1. HP: 22/22 MP: 0/0
    14 | D        | Paralysed by a giant eyeball for 3 turns
    29 | D        | Found a sacrificial altar of Ru.
    29 | D        | Found a basalt altar of Yredelemnul.
    29 | D        | Found a shadowy altar of Dithmenos.
    29 | D        | Found a deep blue altar of Sif Muna.
    29 | D        | Found a burning altar of Makhleb.
    29 | D        | Found a shimmering altar of Xom.
    29 | D        | Found an ancient bone altar of Kikubaaqudgha.
    29 | D        | Found a sparkling altar of Nemelex Xobeh.
    30 | D        | Found a glowing golden altar of the Shining One.
    30 | D        | Found a bloodstained altar of Trog.
    30 | D        | Found a shattered altar of Ashenzari.
    30 | D        | Found a white marble altar of Elyvilon.
    30 | D        | Found a snail-covered altar of Cheibriados.
    30 | D        | Found a blossoming altar of Fedhas.
    30 | D        | Found a radiant altar of Vehumet.
    30 | D        | Found a glowing silver altar of Zin.
    30 | D        | Found a corrupted altar of Lugonu.
    30 | D        | Found a viscous altar of Jiyva.
    30 | D        | Found a roughly hewn altar of Beogh.
    30 | D        | Found an iron altar of Okawaru.
    36 | D        | Found a stormy altar of Qazlal.
    36 | D        | Found an opulent altar of Gozag.
    80 | D        | Became a worshipper of Qazlal Stormbringer
    80 | D        | Acquired Qazlal's first power
    80 | D        | Acquired Qazlal's second power
   121 | D        | Paralysed by a giant eyeball for 4 turns
   127 | D        | Reached XP level 2. HP: 29/29 MP: 1/1
   144 | D        | Paralysed by a giant eyeball for 4 turns
   151 | D        | Reached skill level 5 in Unarmed Combat
   151 | D        | Reached skill level 1 in Invocations
   158 | D        | Acquired Qazlal's third power
   174 | D        | Noticed a hungry ghost
   199 | D        | Killed a hungry ghost
   199 | D        | Reached skill level 5 in Dodging
   199 | D        | Reached skill level 7 in Unarmed Combat
   199 | D        | Reached XP level 3. HP: 20/39 MP: 1/4
   199 | D        | Reached XP level 4. HP: 24/48 MP: 1/5
   199 | D        | Reached XP level 5. HP: 27/54 MP: 1/6
   203 | D        | Acquired Qazlal's fourth power
   285 | D        | Noticed a gnoll shaman
   286 | D        | Noticed a wolf
   287 | D        | Noticed a quasit
   289 | D        | Noticed a necrophage
   298 | D        | Killed a wolf
   298 | D        | Reached skill level 8 in Unarmed Combat
   298 | D        | Reached XP level 6. HP: 55/65 MP: 6/8
   300 | D        | Killed a quasit
   300 | D        | Reached skill level 5 in Fighting
   304 | D        | Killed a necrophage
   304 | D        | Acquired Qazlal's fifth power
   304 | D        | Reached skill level 9 in Unarmed Combat
   310 | D        | Killed a gnoll shaman
   310 | D        | Reached skill level 5 in Invocations
   392 | D        | Noticed a wolf
   393 | D        | Killed a wolf
   393 | D        | Reached skill level 10 in Unarmed Combat
   393 | D        | Reached XP level 7. HP: 72/74 MP: 8/10
   396 | D        | Noticed a merfolk
   409 | D        | Killed a merfolk
   507 | D        | Noticed Menkaure
   507 | D        | Noticed a hungry ghost
   515 | D        | Killed a hungry ghost
   517 | D        | Killed Menkaure
   517 | D        | Reached skill level 11 in Unarmed Combat
   517 | D        | Reached XP level 8. HP: 43/84 MP: 11/11
   597 | D        | Noticed a worker ant
   597 | D        | Noticed a demonic crawler
   597 | D        | Noticed a merfolk
   605 | D        | Killed a worker ant
   611 | D        | Killed a demonic crawler
   616 | D        | Killed a merfolk
   799 | D        | Noticed a hill giant
   800 | D        | Noticed an orange demon
   812 | D        | Killed a hill giant
   812 | D        | Reached skill level 10 in Dodging
   812 | D        | Reached skill level 12 in Unarmed Combat
   812 | D        | Reached XP level 9. HP: 21/93 MP: 13/13
   818 | D        | Killed an orange demon
   930 | D        | Noticed a red devil
   930 | D        | Noticed a polar bear
   930 | D        | Noticed a bog body
   930 | D        | Noticed a manticore
   930 | D        | Noticed an eye of draining
   947 | D        | Killed a polar bear
   950 | D        | Killed a manticore
   950 | D        | Reached skill level 13 in Unarmed Combat
   950 | D        | Killed a bog body
   954 | D        | Killed an eye of draining
   982 | D        | Killed a red devil
  1004 | D        | Noticed an orc wizard
  1009 | D        | Killed an orc wizard
  1011 | D        | Noticed an orc warrior
  1011 | D        | Noticed Erica
  1012 | D        | Noticed a spriggan druid
  1012 | D        | Noticed a quasit
  1012 | D        | Noticed a bog body
  1014 | D        | Killed a bog body
  1019 | D        | Killed a spriggan druid
  1019 | D        | Reached XP level 10. HP: 52/106 MP: 9/15
  1021 | D        | Killed an orc warrior
  1021 | D        | Reached skill level 14 in Unarmed Combat
  1022 | D        | Noticed an orc priest
  1025 | D        | Noticed an orc wizard
  1032 | D        | Killed Erica
  1039 | D        | Noticed an efreet
  1040 | D        | Killed a quasit
  1041 | D        | Noticed a water moccasin
  1042 | D        | Killed an orc wizard
  1043 | D        | Noticed a swamp drake
  1047 | D        | Noticed a ynoxinul
  1047 | D        | Killed an orc priest
  1050 | D        | Noticed a giant leech
  1052 | D        | Killed a water moccasin
  1059 | D        | Killed a swamp drake
  1065 | D        | Noticed a merfolk
  1069 | D        | Killed an efreet
  1070 | D        | Noticed a snapping turtle
  1071 | D        | Killed a ynoxinul
  1072 | D        | Noticed a griffon
  1086 | D        | Killed a giant leech
  1095 | D        | Killed a griffon
  1103 | D        | Killed a merfolk
  1108 | D        | Killed a snapping turtle
  1251 | D        | Noticed a black mamba
  1252 | D        | Killed a black mamba
  1252 | D        | Reached skill level 15 in Unarmed Combat
  1253 | D        | Noticed a soldier ant
  1257 | D        | Killed a soldier ant
  1267 | D        | Noticed a molten gargoyle
  1267 | D        | Noticed an iguana
  1267 | D        | Noticed a swamp drake
  1267 | D        | Noticed a wandering mushroom
  1272 | D        | Noticed a wizard
  1276 | D        | Noticed a blue devil
  1283 | D        | Killed a swamp drake
  1284 | D        | Killed a molten gargoyle
  1286 | D        | Noticed a hill giant
  1287 | D        | Killed an iguana
  1288 | D        | Killed a wandering mushroom
  1290 | D        | Killed a wizard
  1290 | D        | Reached skill level 10 in Invocations
  1290 | D        | Reached XP level 11. HP: 82/117 MP: 17/17
  1294 | D        | Killed a blue devil
  1298 | D        | Killed a hill giant
  1582 | D        | Noticed a basilisk
  1585 | D        | Noticed a gargoyle
  1587 | D        | Killed a basilisk
  1596 | D        | Killed a gargoyle
  1604 | D        | Noticed a death cob
  1605 | D        | Noticed Eustachio
  1613 | D        | Noticed Joseph
  1615 | D        | Killed a death cob
  1615 | D        | Reached skill level 10 in Fighting
  1615 | D        | Reached skill level 16 in Unarmed Combat
  1621 | D        | Killed Joseph
  1735 | D        | Noticed a spiny frog
  1741 | D        | Noticed an orc knight
  1742 | D        | Killed a spiny frog
  1744 | D        | Noticed a warg
  1747 | D        | Noticed an orc warrior
  1749 | D        | Noticed an orc warrior
  1749 | D        | Killed a warg
  1749 | D        | Reached skill level 1 in Throwing
  1753 | D        | Killed an orc knight
  1756 | D        | Killed an orc warrior
  1761 | D        | Killed an orc warrior
  1792 | D        | Noticed Maud
  1794 | D        | Noticed a crimson imp
  1800 | D        | Killed Maud
  1814 | D        | Killed a crimson imp
  1826 | D        | Killed an unseen horror
  1837 | D        | Noticed an orc knight
  1838 | D        | Noticed an orc priest
  1842 | D        | Noticed an orc sorcerer
  1844 | D        | Killed an orc knight
  1844 | D        | Reached skill level 17 in Unarmed Combat
  1846 | D        | Killed an orc priest
  1846 | D        | Paralysed by an orc sorcerer for 3 turns
  1847 | D        | Noticed an anaconda
  1848 | D        | Noticed an orc warrior
  1850 | D        | Noticed an orc warrior
  1852 | D        | Paralysed by an orc sorcerer for 6 turns
  1855 | D        | HP: 5/119 [anaconda (9)]
  1855 | D        | Slain by an anaconda

Vault maps used:
D:        pitsprint

Action                   |  1- 3 |  4- 6 |  7- 9 | 10-12 || total
-------------------------+-------+-------+-------+-------++-------
Melee: Unarmed           |    32 |    33 |    79 |   173 ||   317
Invok: Upheaval          |       |       |     2 |       ||     2
  Use: Potion            |     1 |       |     3 |     6 ||    10
       Scroll            |       |       |       |     2 ||     2
 Stab: Confused          |       |       |       |     1 ||     1
  Eat: Bread ration      |     1 |     1 |       |     2 ||     4
       Chunk             |     1 |     8 |     4 |    16 ||    29
